Map: Port Aleksander LE

Players

TiPtOP

  • Race: Terran Terran
  • League: Silver
  • Spawn Location: 11:00

Musclecake - Winner!

  • Race: Terran Terran
  • League: Gold
  • Spawn Location: 5:00

VOD

Have the link to the VOD?

Description

Time

  • Played on: May 12, 2019, 10:12 p.m.
  • Length: 19:35
Show
View Real Time Build Order
Export as new Build Order

TiPtOP Terran 

Build Orders:  

Get SALT Encoding   

  12  0:00  SCV  
  13  0:12  SCV  
  14  0:19  Supply Depot  
  14  0:25  SCV  
  15  0:40  SCV  
  16  0:43  Barracks  
  16  0:53  SCV  
  16  0:56  Refinery  
  17  1:05  SCV  
  17  1:11  Barracks  
  18  1:17  SCV  
  19  1:32  Supply Depot  
  19  1:36  Orbital Command  
  19  1:43  Barracks Reactor  
  19  2:08  SCV  
  20  2:16  Barracks Reactor  
  20  2:18  Barracks Tech Lab  
  20  2:20  SCV  
  21  2:23  Barracks  
  21  2:34  Supply Depot  
  21  2:37  SCV  
  22  2:47  Marine  
  22  2:48  Command Center  
  23  2:57  Marine x2  
  25  3:05  Supply Depot  
  25  3:07  SCV  
  26  3:20  Marine x2  
  26  3:24  Barracks Reactor  
  28  3:33  Factory  
  28  3:35  SCV  
  28  3:39  Refinery  
  29  3:45  Marine  
  29  3:46  Marine x2  
  32  3:49  Supply Depot  
  31  4:03  Marine x4  
  31  4:07  Stimpack  
  35  4:11  Marine  
  35  4:16  Supply Depot  
  36  4:18  SCV  
  36  4:20  Marine  
  36  4:21  SCV  
  39  4:30  Marine x2  
  41  4:33  SCV x2  
  43  4:45  SCV  
  44  4:58  Starport  
  44  4:59  Factory Reactor  
  44  5:03  SCV  
  44  5:05  Orbital Command  
  44  5:07  Marine x5  
  50  5:23  SCV  
  50  5:25  Marine  
  50  5:26  Marine x4  
  56  5:35  SCV  
  57  5:45  Factory Tech Lab  
  57  5:47  Marine  
  57  5:48  Marine x4  
  62  5:53  Engineering Bay  
  62  5:59  Medivac x2  
  66  6:05  Marine  
  66  6:06  Marine x4  
  71  6:11  Supply Depot  
  71  6:16  SCV x2  
  73  6:23  Marine x3  
  73  6:24  Marine  
  77  6:29  Supply Depot  
  77  6:33  Terran Infantry Weapons Level 1  
  77  6:34  Supply Depot  
  77  6:44  Siege Tank  
  80  6:52  Supply Depot  
  80  6:53  Marine x2  
  80  6:54  Marine x3  
  83  6:57  Medivac x2  
  89  7:27  Marine x5  
  94  7:31  Siege Tank  
  94  7:33  SCV x2  
  99  7:45  Missile Turret, SCV, Marine x4  
  96  8:27  Marine x2  
  96  8:28  Marine x3  
  101  8:39  Siege Tank  
  104  8:41  SCV  
  104  8:45  Marine x3  
  104  8:46  Marine x2  
  104  8:48  Command Center  
  110  9:01  Starport  
  110  9:09  Missile Turret  
  110  9:30  SCV  
  110  9:31  Missile Turret  
  110  9:34  Marine x3  
  110  9:36  Siege Tank  
  71  9:57  Marine x5  
  76  10:08  Siege Tank  
  76  10:11  Liberator x2  
  79  10:14  Marine  
  79  10:15  Marine x3  
  79  10:17  Supply Depot x2  
  83  10:23  Marine  
  84  10:32  Marine x3  
  84  10:33  Marine  
  84  10:34  Combat Shield  
  94  10:40  Siege Tank  
  94  10:41  Marine  
  98  10:43  Starport Tech Lab  
  98  10:50  Marine x4  
  98  10:53  SCV  
  98  10:54  SCV  
  104  10:59  Marine  
  104  11:03  Refinery  
  105  11:05  Refinery  
  105  11:06  SCV x2  
  107  11:18  SCV  
  108  11:52  SCV x2  
  111  11:56  Planetary Fortress  
  110  12:04  SCV x2  
  112  12:09  Marine x4  
  116  12:16  SCV x2  
  116  12:22  Fusion Core  
  118  12:25  Armory  
  118  12:28  SCV  
  66  13:24  Marine x5  
  71  13:27  Siege Tank  
  74  13:42  Marine x5  
  76  13:54  Battlecruiser  
  75  13:59  Siege Tank, Marine x2  
  75  14:00  Marine  
  75  14:01  SCV  
  82  14:03  Marine x2  
  82  14:04  Starport  
  84  14:13  SCV  
  85  14:17  Marine x3  
  85  14:21  Marine x2, Starport  
  90  14:35  Refinery, Marine x3  
  90  14:37  SCV  
  90  14:38  Refinery, Marine  
  95  14:49  SCV  
  96  15:04  Marine x5  
  101  15:07  Terran Infantry Weapons Level 2  
  101  15:08  Command Center  
  101  15:11  Terran Ship Weapons Level 1  
  101  15:21  Starport Tech Lab x2  
  101  15:22  Marine x2  
  103  15:30  Supply Depot  
  103  15:33  Supply Depot  
  103  15:41  Battlecruiser  
  103  15:42  Battlecruiser  
  115  15:51  Missile Turret  
  115  15:54  Missile Turret x2  
  115  15:55  Supply Depot  
  115  15:56  Marine x3  
  115  15:57  Marine x2  
  118  16:00  Supply Depot  
  120  16:14  Marine x2  
  122  16:19  Supply Depot  
  122  16:24  Battlecruiser, Supply Depot  
  128  16:36  Weapon Refit  
  128  16:43  Supply Depot  
  128  16:45  Battlecruiser  
  128  16:46  Battlecruiser  
  97  17:09  Supply Depot  
  97  17:23  Planetary Fortress  
  97  17:28  Battlecruiser  
  37  19:14  Refinery  
Show
View Real Time Build Order
Export as new Build Order

Musclecake Terran - Winner!

Build Orders:  

Get SALT Encoding   

  12  0:01  SCV  
  13  0:18  Supply Depot  
  13  0:19  SCV  
  14  0:29  Refinery  
  14  0:31  SCV  
  15  0:48  Barracks  
  15  0:49  SCV  
  16  1:01  SCV  
  17  1:13  SCV  
  17  1:15  Barracks  
  19  1:25  SCV  
  19  1:37  SCV  
  20  1:47  Supply Depot  
  20  2:12  Barracks Reactor  
  20  2:17  Barracks Tech Lab  
  20  2:23  Barracks  
  20  2:30  SCV  
  20  2:31  Command Center  
  21  2:45  Supply Depot  
  21  2:48  SCV  
  21  2:50  Marine  
  23  2:51  Marine  
  24  3:01  SCV  
  25  3:09  Refinery  
  25  3:19  Stimpack, Factory  
  25  3:24  SCV  
  26  3:36  Orbital Command  
  26  3:38  Marine  
  26  3:39  Marine  
  28  3:44  SCV  
  29  3:54  Barracks Reactor  
  29  3:56  Marine x2  
  31  4:12  Starport  
  31  4:13  Marine, Factory Reactor  
  31  4:14  Marine  
  33  4:18  SCV  
  33  4:22  SCV  
  35  4:31  Marine  
  35  4:32  Marine  
  35  4:34  SCV  
  38  4:39  SCV  
  38  4:45  Marine x2  
  41  4:49  Marine  
  41  4:50  Marine, Marauder  
  45  5:01  Factory Tech Lab  
  45  5:05  SCV  
  46  5:07  Engineering Bay  
  46  5:11  Marine  
  47  5:17  SCV  
  47  5:18  Marine  
  47  5:19  Combat Shield  
  49  5:24  Medivac  
  51  5:29  SCV, Marine x2  
  51  5:35  Supply Depot  
  54  5:40  Refinery  
  54  5:45  Supply Depot  
  54  5:56  Marine x2, Medivac  
  58  5:58  Missile Turret  
  58  6:01  Missile Turret, Marine  
  58  6:02  Marine  
  60  6:07  Siege Tank  
  63  6:14  Marine  
  63  6:15  Marauder  
  66  6:18  Terran Infantry Weapons Level 1  
  66  6:22  Marine  
  66  6:23  Marine x2  
  69  6:38  Concussive Shells  
  69  6:44  Supply Depot  
  69  6:48  Orbital Command  
  69  6:55  Supply Depot  
  69  7:00  Marine  
  70  7:05  Marine x2  
  70  7:06  Siege Tank  
  75  7:09  Factory, SCV  
  76  7:21  SCV  
  77  7:35  Supply Depot  
  77  7:38  Siege Tank  
  77  7:39  Medivac  
  82  7:48  Refinery, SCV  
  83  7:57  Command Center  
  83  8:00  SCV  
  84  8:10  Siege Tank  
  82  8:22  SCV  
  83  8:34  SCV  
  83  8:38  Barracks  
  84  8:42  Factory Tech Lab  
  84  8:48  Siege Tank  
  84  8:49  Armory  
  87  9:02  Marine x3  
  88  9:03  Marine x2  
  88  9:07  SCV  
  93  9:19  SCV  
  93  9:20  Marine  
  95  9:25  Reaper  
  95  9:27  Terran Infantry Armor Level 1  
  96  9:31  SCV  
  79  9:38  Missile Turret  
  65  9:49  Marine x2  
  65  9:50  Marine x2  
  69  9:57  Barracks Reactor, Marine  
  70  10:00  Missile Turret  
  70  10:07  Marine x3  
  70  10:08  Marine  
  70  10:12  SCV  
  75  10:15  Marine  
  75  10:19  Smart Servos  
  79  10:21  Siege Tank  
  79  10:24  SCV  
  79  10:25  Marine x4  
  84  10:32  Marine  
  85  10:36  SCV  
  86  10:43  Marine x3  
  86  10:44  Marauder  
  86  10:48  Marine  
  86  10:49  Marine  
  92  10:50  Marine  
  92  10:52  SCV  
  92  10:56  Siege Tank  
  100  10:57  Siege Tank  
  100  10:59  Terran Vehicle Weapons Level 1  
  100  11:00  Marine  
  100  11:01  Marine x2, Medivac x2  
  100  11:04  SCV  
  108  11:09  Supply Depot  
  108  11:15  Marauder  
  110  11:20  Marine x2  
  110  11:21  Terran Infantry Weapons Level 2  
  112  11:36  Marauder  
  112  11:38  Viking x2  
  118  11:46  Starport  
  118  11:53  Marine x2  
  120  11:54  Marine x2  
  120  11:56  Marine x2  
  124  12:03  Supply Depot  
  124  12:21  Orbital Command  
  124  12:25  Viking x2, Marauder  
  124  12:26  Supply Depot  
  130  12:32  Supply Depot  
  130  12:33  Marine x3  
  133  12:47  Marine x3  
  133  12:48  Marauder  
  133  12:49  Supply Depot  
  133  12:51  Marine x3  
  139  12:56  Supply Depot  
  106  13:05  Marine x2  
  93  13:21  Marine x4  
  93  13:23  Marine x2  
  97  13:32  Marauder  
  97  13:33  Starport Reactor  
  98  13:35  Viking x2  
  98  13:39  Marine x4  
  98  13:41  Marine x2  
  108  13:53  Marauder  
  110  13:56  Marine  
  110  13:57  Marine  
  112  14:20  Marine x2  
  112  14:23  Marine x3  
  112  14:24  Marine x2  
  118  14:25  Medivac x2  
  118  14:27  Viking x2  
  118  14:29  Terran Vehicle Weapons Level 2  
  118  14:31  Siege Tank  
  130  14:34  Siege Tank  
  130  14:38  Marine x2  
  133  14:41  Marine  
  136  14:46  Liberator  
  136  14:49  Liberator  
  136  14:54  Fusion Core  
  136  14:56  Marine x2  
  138  15:03  Siege Tank  
  147  15:32  Liberator  
  147  15:39  Marine x2  
  147  15:40  Refinery  
  149  15:44  Starport  
  152  16:24  Starport  
  143  17:05  Marine x7  
  150  17:20  Siege Tank  
  153  17:22  Marine  
  153  17:23  Marine x5  
  153  17:41  Marine x2  
  146  17:58  Marine  
  146  17:59  Marine  
  127  18:16  Marine x4  
  127  18:17  Marine x3  
  120  18:34  Viking x2, Marine x7  
  120  18:35  Viking x2  
  125  18:52  Marine x6  
  125  18:54  Marine  
  128  19:02  Command Center  
  130  19:04  Viking x2  
  130  19:09  Marine  
  131  19:10  Marine x5  
  131  19:12  Marine  
Tags
 
Add a new tag
Caveats
  • Supply blocks, unpowered buildings, or Contaminate may cause inaccurate times.
  • Supply counts are checked every 10 seconds.